 Dungeon Crawl Stone Soup version 0.30-a0-1050-g2766ea1e55 (console) character file.

Game seed: 1992998065301468115

512 Kenran the Cudgeller (level 7, -2/54 HPs)
             Began as a Human Fighter on Apr 10, 2023.
             Slain by a sixfirhy (12 damage)
             ... on level 1 of the Abyss.
             The game lasted 00:14:33 (3919 turns).

Kenran the Cudgeller (Human Fighter)                Turns: 3919, Time: 00:14:33

Health: -2/54      AC:  6    Str: 18    XL:     7   Next: 43%
Magic:  7/7        EV: 24    Int:  8    God:
Gold:   193        SH:  4    Dex: 13    Spells: 6/6 levels left

rFire   . . .      SeeInvis .    a - +0 flail
rCold   . . .      Faith    .    c - +0 buckler
rNeg    . . .      Spirit   .    b - +0 scale mail
rPois   .          Reflect  .    (no helmet)
rElec   .          Rampage  .    (no cloak)
rCorr   .                        (no gloves)
Will    .....                    (no boots) Stlth
                                 h - amulet of the acrobat
HPRegen 0.29/turn                (no ring)
MPRegen 0.10/turn                (no ring)

@: acrobatic
A: no striking features
a: no special abilities


You were on level 1 of the Abyss.
You visited 1 branch of the dungeon, and saw 5 of its levels.
You visited the Abyss 1 time.

You collected 193 gold pieces.

Inventory:

Hand Weapons
 a - a +0 flail (weapon)
Armour
 b - a +0 scale mail (worn)
 c - a +0 buckler (worn)
Jewellery
 h - an amulet of the acrobat (around neck)
 s - a ring of protection from cold
Wands
 q - a wand of flame (26)
Scrolls
 f - a scroll of immolation {!r}
 i - a scroll of teleportation
 k - a scroll of blinking
 m - a scroll of enchant weapon {unknown}
 o - a scroll of fear {unknown}
Potions
 e - 2 potions of flight
 n - a potion of brilliance {unknown}
 p - a potion of lignification {!q}


   Skills:
 - Level 4.0 Fighting
 + Level 6.7 Maces & Flails
 - Level 3.0 Armour
 - Level 3.0 Shields
 - Level 2.0 Evocations


You had 6 spell levels left.
You didn't know any spells.
Your spell library contained the following spells:

 Spells                   Type           Power      Damage    Failure   Level
 Gell's Gravitas          Tloc           0%         N/A       99%         3
 Teleport Other           Tloc           0%         N/A       99%         3
 Dispersal                Tloc           0%         N/A       100%        6


Dungeon Overview and Level Annotations

Branches:
Dungeon (5/15)
 Temple: D:4-7

Altars:
Gozag
Ru
Uskayaw
Vehumet
Xom
Yredelemnul

Shops:
D:4 :

Annotations:
D:1 exclusion: downstairs
D:2 Sigmund


Message History

You kill the gnoll sergeant!
The dart slug barely misses you. The gnoll hits you but does no damage.
The gnoll is attracted toward you. x2
You hit the gnoll.
The gnoll is heavily wounded.
The dart slug bites you but does no damage.
The gnoll hits you from afar with a +2 halberd of distortion.
* * * LOW HITPOINT WARNING * * *
You are cast into the Abyss!
This branch contains the abyssal rune of Zot.
Unknown command.
You cannot move.
You cannot move.
You start resting.
Your transformation is almost over.
You feel less wooden.
Your +0 scale mail unmelds from your body.
You feel less attractive to monsters.
You start resting.
You feel a little less mighty now.
You start resting.
A starcursed mass comes into view.
You start resting.
A sixfirhy comes into view.
The sixfirhy moves out of view.
You block the sixfirhy's attack. The sixfirhy misses you.
The sixfirhy attacks as you move away! The sixfirhy hits you.
The sixfirhy shocks you!
* * * LOW HITPOINT WARNING * * *
You block the sixfirhy's attack. The sixfirhy attacks as you move away!
The sixfirhy completely misses you. The sixfirhy misses you.
The sixfirhy completely misses you. x2
The sixfirhy barely misses you. The sixfirhy attacks as you move away!
The sixfirhy hits you but does no damage.
A sixfirhy is nearby!
The sixfirhy hits you.
* * * LOW HITPOINT WARNING * * *
The sixfirhy shocks you!
You die...

... ## .. . #.# # ..
..# #. .∩.##..##.
..#......# .......
.# #..# . # ..### .
# . #..#.## #...# #
..####.##.@#......
#.........##3.......
..#..#
##............ #..
#........#...# X #.
####..# .## ......
..# .# ..... . #...
. .....#.. ....
###.. .# ..... ..
#...


You could see a sixfirhy.

Vanquished Creatures
  A centaur (D:5)
  A bullfrog (D:4)
  A gnoll sergeant (D:5)
  A howler monkey (D:5)
  An iguana (D:4)
  Terence (D:3)
  4 gnolls
  10 adders
  A worm (D:4)
  4 dart slugs
  An orc (D:4)
  6 ball pythons
  9 bats
  6 endoplasms
  3 giant cockroaches
  10 goblins
  8 hobgoblins
  4 jackals (D:1)
  4 quokkas
  4 frilled lizards
  9 kobolds
  5 rats
94 creatures vanquished.

Vanquished Creatures (others)
  26 plants
26 creatures vanquished.

Grand Total: 120 creatures vanquished

Notes
Turn   | Place    | Note
-------+----------+-------------------------------------------
     0 | D:1      | Kenran the Human Fighter began the quest for the Orb.
     0 | D:1      | Reached XP level 1. HP: 18/18 MP: 1/1
   187 | D:1      | Reached XP level 2. HP: 21/24 MP: 2/2
   316 | D:1      | Reached skill level 3 in Maces & Flails
   479 | D:1      | Reached XP level 3. HP: 29/29 MP: 3/3
   864 | D:2      | Found an opulent altar of Gozag.
   936 | D:2      | Noticed Sigmund
  1178 | D:2      | Reached skill level 4 in Maces & Flails
  1178 | D:2      | Reached XP level 4. HP: 29/35 MP: 4/4
  1569 | D:3      | Found a faded altar of an unknown god.
  1651 | D:3      | Reached XP level 5. HP: 41/42 MP: 5/5
  1697 | D:3      | Found a sacrificial altar of Ru.
  1848 | D:3      | Found a shimmering altar of Xom.
  2015 | D:3      | Found a hide-covered altar of Uskayaw.
  2016 | D:3      | Found a basalt altar of Yredelemnul.
  2068 | D:3      | Found a radiant altar of Vehumet.
  2141 | D:3      | Noticed Terence
  2150 | D:3      | Killed Terence
  2386 | D:4      | Found Caujirac's Book Boutique.
  2602 | D:4      | Reached skill level 5 in Maces & Flails
  2607 | D:4      | Reached XP level 6. HP: 14/48 MP: 6/6
  2990 | D:4      | Reached skill level 6 in Maces & Flails
  3294 | D:4      | Reached skill level 1 in Evocations
  3643 | D:5      | Entered Level 5 of the Dungeon
  3667 | D:5      | Reached XP level 7. HP: 32/54 MP: 7/7
  3818 | D:5      | HP: 1/54 [gnoll sergeant/+0 spear (8)]
  3827 | D:5      | HP: 2/81 [gnoll/+0 halberd of protection[a gnoll sergeant]
                  | (10)]
  3830 | Abyss:1  | Cast into level 1 of the Abyss (gnoll)
  3893 | Abyss:1  | Noticed a starcursed mass
  3907 | Abyss:1  | Noticed a sixfirhy
  3919 | Abyss:1  | Slain by a sixfirhy

Illustrated notes

Levels and vault maps discovered:
D:1:      lordsloth_arrival_two_stooges, layout_basic
D:2:      layout_basic, basic_altar, grunt_ministairs_14,
          minmay_misc_feat_plants, minmay_misc_feat_roman,
          lexackson_kobold_supper, uniq_sigmund
D:3:      layout_rooms, mainiacjoe_overflow_catwalk,
          mainiacjoe_overflow_brackets, nicolae_overflow_hidden_temple,
          vehumet_altar_wand_db, ebering_ecumenical_altar_abandoned,
          st_stairs_14, uniq_terence
D:4:      layout_loops_corners, serial_shops, shop, serial_bayou,
          serial_bayou_pond_d, serial_bayou_lagoon_a, serial_bayou_pond_c,
          serial_bayou_shore_a
D:5:      layout_loops_ring, grunt_decor_fettered
Abyss:1:  base:
D:3

Skill      XL: |  1  2  3  4  5  6 |
---------------+-------------------+-----
Maces & Flails | 3 4 5 6 |  6.7
Fighting       | 4 |  4.0
Evocations     | 2 |  2.0
Armour         | |  3.0
Shields        | |  3.0

Action                     |  1- 3 |  4- 6 |  7- 9 || total
---------------------------+-------+-------+-------++-------
  Melee: Flail             |   111 |   206 |    23 ||   340
    Use: Scroll            |       |     5 |       ||     5
         Potion            |       |       |     6 ||     6
 Armour: Scale mail        |    60 |    84 |     5 ||   149
         Skin              |       |       |    13 ||    13
  Dodge: Dodged            |    58 |   122 |    14 ||   194
  Block: Buckler           |    39 |    44 |     7 ||    90

Table legend: (Time is in decaauts)
 A = Elapsed time spent in this place.
 B = Non-inter-level travel time spent in this place.
 C = Inter-level travel time spent in this place.
 D = Time resting spent in this place.
 E = Time spent auto-exploring this place.
 F = Levels seen in this place.
 G = Mean time per level.
                   A        B        C        D        E       F      G
               +--------+--------+--------+--------+--------+-----+--------+
         Total |   4025 |   3928 |     97 |    607 |   1129 |   6 |  670.8 |
       Dungeon |   3937 |   3840 |     97 |    533 |   1129 |   5 |  787.4 |
         Abyss |     88 |     88 |      0 |     74 |      0 |   1 |   88.0 |
               +--------+--------+--------+--------+--------+-----+--------+

Top non-repeatable levels by time:
     D:4: 1443 daAuts
     D:1: 903 daAuts
     D:3: 705 daAuts
     D:2: 693 daAuts
     D:5: 191 daAuts
 Abyss:1: 88 daAuts
